 Dungeon Crawl Stone Soup version 0.29.0-4-gdea44cf6ec (webtiles) character file.

Game seed: 7412135973289418927

7667 qw the Cleaver (level 11, -6/63 HPs)
             Began as a Tengu Warper on Aug 28, 2022.
             Was a Priest of Okawaru.
             Mangled by a five-headed hydra (8 damage)
             ... on level 1 of the Lair of Beasts.
             The game lasted 00:01:18 (8159 turns).

qw the Cleaver (Tengu Warper)                       Turns: 8159, Time: 00:01:18

Health: -6/63      AC: 16    Str: 16    XL:     11   Next: 18%
Magic:  13/15      EV: 14    Int: 13    God:    Okawaru [***...]
Gold:   491        SH: 19    Dex: 14    Spells: 14/14 levels left

rFire   . . .      SeeInvis .   k - +0 morningstar
rCold   + . .      Faith    .   c - +0 tower shield
rNeg    . . .      Spirit   .   r - +7 Kryia's mail coat {PotionHeal*2 rC+}
rPois   +          Reflect  .   (helmet restricted)
rElec   .          Harm     .   (no cloak)
rCorr   .          Rampage  .   a - +0 pair of gloves
Will    .....                   (boots unavailable)
Stlth   ++........              f - amulet of regeneration
HPRegen 1.00/turn               g - ring of poison resistance
MPRegen 0.14/turn               (no ring)

@: lethally poisoned (-6 -> -7), heroic, weakened, flying quickly and evasively,
quick
A: beak, talons 3, nimble flight
a: Renounce Religion, Heroism


You were on level 1 of the Lair of Beasts.
You worshipped Okawaru.
Okawaru was most pleased with you.
You visited 3 branches of the dungeon, and saw 10 of its levels.

You collected 491 gold pieces.


Innate Abilities, Weirdness & Mutations

You have a beak for a mouth.
You have claws for feet.
Your magical nature lets you fly swiftly and evasively.


   Skills:
 - Level 5.0(10.0) Fighting
 + Level 11.2(16.2) Axes
 - Level 1.0(6.0) Throwing
 - Level 3.3(8.3) Armour
 - Level 4.4(9.4) Dodging
 - Level 11.0(16.0) Shields
 - Level 2.0 Spellcasting
 - Level 2.4 Translocations
 - Level 4.1 Invocations


You had 14 spell levels left.
You didn't know any spells.
Your spell library contained the following spells:

 Spells                   Type           Power      Damage    Failure   Level
 Blink                    Tloc           14%        N/A       82%         2
 Gell's Gravitas          Tloc           7%         N/A       96%         3
 Lesser Beckoning         Tloc           7%         N/A       96%         3
 Teleport Other           Tloc           7%         N/A       96%         3
 Manifold Assault         Tloc           7%         N/A       100%        5

Inventory:

Hand Weapons
 h - a +0 spectral war axe
 k - a +0 morningstar (weapon)
Missiles
 l - 3 boomerangs (quivered)
Armour
 a - a +0 pair of gloves (worn)
 c - a +0 tower shield (worn)
 r - the +7 Kryia's mail coat (worn) {PotionHeal*2 rC+}
   (You found it on level 7 of the Dungeon)

   Potions are twice as effective at healing its wearer.
   rC:        It protects you from cold.
Jewellery
 f - an amulet of regeneration (around neck)
 g - a ring of poison resistance (left hand)
 m - a ring of fire
Wands
 i - a wand of digging (3)
Scrolls
 n - a scroll of noise {unknown}
 o - 3 scrolls of brand weapon
 p - 2 scrolls of identify
 q - a scroll of teleportation
 t - a scroll of torment {unknown}
Potions
 b - 3 potions of curing
 d - a potion of mutation
 e - 2 potions of haste
 j - a potion of magic
 s - 3 potions of heal wounds

Dungeon Overview and Level Annotations

Branches:
Dungeon (8/15)             Temple (1/1) D:6            Lair (1/5) D:8

Altars:
Ashenzari
Cheibriados
Dithmenos
Elyvilon
Fedhas
Gozag
Hepliaklqana
Kikubaaqudgha
Makhleb
Okawaru
Qazlal
Sif Muna
Trog
Vehumet
Wu Jian
Xom
Yredelemnul
Zin
The Shining One

Annotations:
D:4 Natasha
D:6 1 runed translucent door
Lair:1 Amaemon


Message History

The five-headed hydra bites you but does no damage.
The five-headed hydra closely misses you.
You block the orange demon's attack.
The orange demon hits you but does no damage.
Amaemon closely misses you. Amaemon barely misses you.
You block Amaemon's attack.
You hit the orange demon. You claw the orange demon!
You kill the orange demon!
Okawaru accepts your kill.
You block the five-headed hydra's attack.
The five-headed hydra completely misses you.
The five-headed hydra bites you!
You block the five-headed hydra's attack. x2
Amaemon hits you but does no damage.
You are poisoned.
Amaemon completely misses you. Amaemon tail-slaps you.
You hit the five-headed hydra.
You peck the five-headed hydra, but do no damage.
The five-headed hydra is lightly wounded.
You feel very sick.
You block the five-headed hydra's attack.
The five-headed hydra completely misses you.
The five-headed hydra closely misses you.
You block the five-headed hydra's attack.
The five-headed hydra bites you but does no damage.
You block Amaemon's attack. Amaemon claws you but does no damage.
Amaemon tail-slaps you but does no damage.
You sock the five-headed hydra! You claw the five-headed hydra!
You peck the five-headed hydra.
The five-headed hydra is moderately wounded.
You feel very sick.
You block the five-headed hydra's attack.
The five-headed hydra bites you.
You block the five-headed hydra's attack.
The five-headed hydra bites you but does no damage.
The five-headed hydra bites you.
Amaemon's tail lashes.
Amaemon hits you but does no damage. Amaemon claws you. Amaemon misses you.
The five-headed hydra bites you!
You die...

..........# ..........#
..........###
..........#.#
...........#
...........# #...
...........## #.....
......D@...P### ......
......6.......##.......
..............#........
........................
........................
..........#.~~P~P.....~.
.#........##~~~~P..~~P~.
###########~~~P~~~~~~~.
#PPP~~~P~~~~.


You could see Amaemon and a five-headed hydra.

Vanquished Creatures
  A catoblepas (Lair:1)
  Pikel (D:4)
  A cane toad (Lair:1)
  An orange demon (Lair:1)
  5 blink frogs (Lair:1)
  Sigmund (D:2)
  8 yaks
  A steam dragon (D:4)
  Duvessa (D:6)
  2 orc warriors
  A black bear (D:3)
  2 sky beasts
  2 ice beasts
  A centaur (D:6)
  An ogre (D:6)
  3 phantoms
  A kobold brigand (D:8)
  Blork the orc (D:4)
  3 necrophages
  2 bullfrogs
  A gnoll sergeant (D:4)
  3 scorpions
  9 wights
  Dowan (D:6)
  3 electric eels (Lair:1)
  A howler monkey (D:4)
  2 orc priests (D:4)
  7 hounds
  5 jellies
  Ijyb (D:3)
  6 iguanas
  5 orc wizards
  Natasha (twice) (D:4)
  9 adders
  15 gnolls
  A white imp (D:6)
  A worm (D:2)
  7 dart slugs
  50 orcs
  4 bats
  11 endoplasms
  6 giant cockroaches
  4 goblins
  11 hobgoblins
  13 jackals
  16 kobolds
  4 quokkas
  7 ball pythons
  7 frilled lizards
  9 rats
260 creatures vanquished.

Vanquished Creatures (others)
  12 fungi (D:8)
  17 plants
29 creatures vanquished.

Grand Total: 289 creatures vanquished

Notes
Turn   | Place    | Note
-------+----------+-------------------------------------------
     0 | D:1      | qw the Tengu Warper began the quest for the Orb.
     0 | D:1      | Reached XP level 1. HP: 12/12 MP: 4/4
     0 | D:1      | 0 ||| qw: Version: 0.1-a-89-g26bdef1
     0 | D:1      | 0 ||| qw: Game counter: 2270
     0 | D:1      | 0 ||| qw: Always use a shield: true
     0 | D:1      | 0 ||| qw: God list: Okawaru
     0 | D:1      | 0 ||| qw: Allow faded altars: false
     0 | D:1      | 0 ||| qw: Do Orc after D:15 true
     0 | D:1      | 0 ||| qw: Do second Lair branch before Depths: true
     0 | D:1      | 0 ||| qw: Lair rune preference: random
     0 | D:1      | 0 ||| qw: Plans: Normal
     0 | D:1      | 0 ||| PLANNING D:1-11
   101 | D:1      | 101 ||| Stepping ~*~*~tactically~*~*~ (hiding).
   155 | D:1      | 155 ||| Stepping ~*~*~tactically~*~*~ (stealth).
   160 | D:1      | Reached skill level 3 in Axes
   160 | D:1      | Reached XP level 2. HP: 13/17 MP: 6/6
   174 | D:1      | 174 ||| Stepping ~*~*~tactically~*~*~ (stealth).
   258 | D:1      | 258 ||| Stepping ~*~*~tactically~*~*~ (hiding).
   259 | D:1      | 259 ||| Stepping ~*~*~tactically~*~*~ (hiding).
   263 | D:1      | 263 ||| Stepping ~*~*~tactically~*~*~ (hiding).
   449 | D:1      | 449 ||| Stepping ~*~*~tactically~*~*~ (stealth).
   457 | D:1      | Reached XP level 3. HP: 14/21 MP: 7/7
   815 | D:1      | 815 ||| Stepping ~*~*~tactically~*~*~ (stealth).
   823 | D:1      | 823 ||| Stepping ~*~*~tactically~*~*~ (stealth).
   826 | D:1      | 826 ||| Stepping ~*~*~tactically~*~*~ (stealth).
   827 | D:1      | 827 ||| Stepping ~*~*~tactically~*~*~ (stealth).
   829 | D:1      | 829 ||| Stepping ~*~*~tactically~*~*~ (stealth).
   921 | D:1      | Found a faded altar of an unknown god.
  1019 | D:1      | 1019 ||| UPGRADING to +0 ring mail.
  1029 | D:1      | 1029 ||| DROPPING +0 leather armour.
  1030 | D:1      | 1030 ||| UPGRADING to ring of poison resistance.
  1031 | D:1      | 1031 ||| READING scroll labelled FISUUQO ILAMAA.
  1032 | D:1      | 1032 ||| READING scroll labelled SOG GEMPUADIEL.
  1033 | D:1      | 1033 ||| READING scroll labelled FYANULEOTA.
  1034 | D:1      | 1034 ||| READING scroll labelled FOL YRYWELO.
  1037 | D:1      | 1037 ||| READING scroll labelled TIVUSOT HEWOP.
  1038 | D:1      | 1038 ||| DRINKING 2 metallic golden potions.
  1039 | D:1      | 1039 ||| DRINKING 2 blue potions.
  1144 | D:1      | 1144 ||| DROPPING scroll of blinking.
  1145 | D:1      | 1145 ||| DROPPING potion of berserk rage.
  1179 | D:2      | 1179 ||| Stepping ~*~*~tactically~*~*~ (stealth).
  1180 | D:2      | 1180 ||| Stepping ~*~*~tactically~*~*~ (stealth).
  1181 | D:2      | 1181 ||| Stepping ~*~*~tactically~*~*~ (stealth).
  1182 | D:2      | 1182 ||| Stepping ~*~*~tactically~*~*~ (stealth).
  1294 | D:2      | 1294 ||| FLEEEEING.
  1295 | D:2      | 1295 ||| STAIRDANCE
  1396 | D:1      | 1396 ||| DRINKING 2 sedimented black potions.
  1409 | D:2      | Reached XP level 4. HP: 26/26 MP: 8/8
  1765 | D:2      | 1765 ||| Stepping ~*~*~tactically~*~*~ (hiding).
  1768 | D:2      | 1768 ||| Stepping ~*~*~tactically~*~*~ (hiding).
  1860 | D:2      | Noticed Sigmund
  1876 | D:2      | HP: 4/26 [Sigmund/puff of flame (8)]
  1877 | D:2      | 1877 ||| DRINKING potion of heal wounds.
  1882 | D:2      | Killed Sigmund
  1883 | D:2      | Reached skill level 6 in Axes
  1883 | D:2      | Gained mutation: Your magical nature lets you fly swiftly
                  | and evasively. [Tengu growth]
  1883 | D:2      | Reached XP level 5. HP: 27/30 MP: 9/9
  1883 | D:2      | Reached XP level 6. HP: 32/35 MP: 10/10
  2244 | D:2      | 2244 ||| UPGRADING to +0 tower shield.
  2249 | D:2      | 2249 ||| READING scroll labelled HULLE QAGHAXI.
  2298 | D:3      | Noticed a black bear
  2304 | D:3      | Killed a black bear
  2770 | D:3      | 2770 ||| SWAPPING to +0 war axe.
  2771 | D:3      | 2771 ||| DROPPING +0 hand axe of chaos.
  2824 | D:3      | 2824 ||| FLEEEEING.
  2840 | D:3      | 2840 ||| FLEEEEING.
  2841 | D:3      | 2841 ||| FLEEEEING.
  2919 | D:3      | 2919 ||| READING scroll of brand weapon.
  2919 | D:3      | 2919 ||| BRANDING +0 war axe.
  2990 | D:3      | Reached skill level 3 in Shields
  3025 | D:3      | Noticed Ijyb
  3026 | D:3      | 3026 ||| Stepping ~*~*~tactically~*~*~ (hiding).
  3028 | D:3      | 3028 ||| Stepping ~*~*~tactically~*~*~ (hiding).
  3037 | D:3      | Killed Ijyb
  3038 | D:3      | Reached XP level 7. HP: 37/40 MP: 11/11
  3192 | D:3      | Identified the +7 sling of Yduanlal {venom, Drain rCorr
                  | Str+2 Int+4}
  3449 | D:3      | 3449 ||| UPGRADING to +0 chain mail.
  3459 | D:3      | 3459 ||| DROPPING +0 ring mail.
  3460 | D:3      | 3460 ||| READING scroll labelled XURPHIZ AGOALALL.
  3460 | D:3      | Identified a scroll of acquirement
  3460 | D:3      | 3460 ||| ACQUIRING amulet of regeneration
  3460 | D:3      | Acquired an amulet of regeneration
  3462 | D:3      | 3462 ||| UPGRADING to amulet of regeneration.
  3467 | D:3      | 3467 ||| DRINKING 2 fizzy orange potions.
  3507 | D:4      | 3507 ||| STAIRDANCE
  3512 | D:4      | 3512 ||| STAIRDANCE
  3544 | D:4      | 3544 ||| Stepping ~*~*~tactically~*~*~ (stealth).
  3545 | D:4      | 3545 ||| Stepping ~*~*~tactically~*~*~ (stealth).
  3551 | D:4      | 3551 ||| Stepping ~*~*~tactically~*~*~ (stealth).
  3624 | D:4      | 3624 ||| FLEEEEING.
  3626 | D:4      | 3626 ||| FLEEEEING.
  3627 | D:4      | 3627 ||| FLEEEEING.
  3628 | D:4      | 3628 ||| FLEEEEING.
  3629 | D:4      | 3629 ||| FLEEEEING.
  3630 | D:4      | 3630 ||| FLEEEEING.
  3631 | D:4      | 3631 ||| FLEEEEING.
  3634 | D:4      | 3634 ||| FLEEEEING.
  3637 | D:4      | 3637 ||| STAIRDANCE
  3769 | D:4      | Noticed Natasha
  3772 | D:4      | Killed Natasha
  3844 | D:4      | 3844 ||| Stepping ~*~*~tactically~*~*~ (stealth).
  3941 | D:4      | 3941 ||| Stepping ~*~*~tactically~*~*~ (hiding).
  3991 | D:4      | 3991 ||| Stepping ~*~*~tactically~*~*~ (stealth).
  3992 | D:4      | 3992 ||| Stepping ~*~*~tactically~*~*~ (stealth).
  3993 | D:4      | 3993 ||| DROPPING +0 mace.
  4035 | D:4      | 4035 ||| Stepping ~*~*~tactically~*~*~ (stealth).
  4037 | D:4      | 4037 ||| Stepping ~*~*~tactically~*~*~ (hiding).
  4047 | D:4      | Reached skill level 6 in Shields
  4055 | D:4      | Reached XP level 8. HP: 44/44 MP: 12/12
  4273 | D:4      | 4273 ||| Stepping ~*~*~tactically~*~*~ (hiding).
  4414 | D:4      | Noticed Blork the orc
  4423 | D:4      | Killed Blork the orc
  4485 | D:4      | Noticed Pikel
  4496 | D:4      | Killed Pikel
  4585 | D:4      | Noticed Natasha
  4591 | D:4      | Killed Natasha
  4598 | D:4      | Reached skill level 3 in Fighting
  4610 | D:4      | 4610 ||| FLEEEEING.
  4612 | D:4      | 4612 ||| FLEEEEING.
  4613 | D:4      | 4613 ||| FLEEEEING.
  4615 | D:4      | 4615 ||| FLEEEEING.
  4616 | D:4      | 4616 ||| FLEEEEING.
  4617 | D:4      | 4617 ||| STAIRDANCE
  4626 | D:3      | 4626 ||| READING scroll labelled CUWEVE PEBB.
  4629 | D:4      | 4629 ||| STAIRDANCE
  4635 | D:4      | 4635 ||| STAIRDANCE
  4655 | D:4      | 4655 ||| Stepping ~*~*~tactically~*~*~ (hiding).
  4658 | D:4      | 4658 ||| Stepping ~*~*~tactically~*~*~ (hiding).
  4660 | D:4      | 4660 ||| Stepping ~*~*~tactically~*~*~ (hiding).
  4687 | D:4      | 4687 ||| Stepping ~*~*~tactically~*~*~ (stealth).
  4692 | D:4      | 4692 ||| Stepping ~*~*~tactically~*~*~ (stealth).
  4702 | D:4      | 4702 ||| Stepping ~*~*~tactically~*~*~ (stealth).
  4703 | D:4      | 4703 ||| Stepping ~*~*~tactically~*~*~ (stealth).
  4712 | D:4      | 4712 ||| Stepping ~*~*~tactically~*~*~ (stealth).
  4713 | D:4      | 4713 ||| Stepping ~*~*~tactically~*~*~ (stealth).
  4737 | D:4      | 4737 ||| Stepping ~*~*~tactically~*~*~ (stealth).
  4738 | D:4      | 4738 ||| Stepping ~*~*~tactically~*~*~ (stealth).
  4740 | D:4      | 4740 ||| Stepping ~*~*~tactically~*~*~ (hiding).
  4746 | D:4      | Reached XP level 9. HP: 50/50 MP: 13/13
  4865 | D:4      | 4865 ||| Stepping ~*~*~tactically~*~*~ (hiding).
  4869 | D:4      | 4869 ||| Stepping ~*~*~tactically~*~*~ (hiding).
  4934 | D:4      | 4934 ||| Stepping randomly (stuck).
  4953 | D:4      | Noticed Natasha
  4954 | D:4      | 4954 ||| Stepping ~*~*~tactically~*~*~ (stealth).
  4979 | D:5      | Entered Level 5 of the Dungeon
  5164 | D:5      | Found an opulent altar of Gozag.
  5410 | D:5      | Found a blossoming altar of Fedhas.
  5410 | D:5      | Found a shimmering altar of Xom.
  5685 | D:5      | 5685 ||| READING scroll labelled XOTSOGUMUSCH.
  5686 | D:5      | 5686 ||| DRINKING 2 sapphire potions.
  5718 | D:5      | 5718 ||| DROPPING potion of lignification.
  5747 | D:6      | Reached skill level 9 in Axes
  5775 | D:6      | Noticed Duvessa
  5775 | D:6      | Noticed Dowan
  5776 | D:6      | 5776 ||| Stepping ~*~*~tactically~*~*~ (stealth).
  5779 | D:6      | 5779 ||| Stepping ~*~*~tactically~*~*~ (stealth).
  5780 | D:6      | 5780 ||| Stepping ~*~*~tactically~*~*~ (stealth).
  5783 | D:6      | Killed Duvessa
  5784 | D:6      | Reached skill level 9 in Shields
  5789 | D:6      | Killed Dowan
  5798 | D:6      | Reached skill level 3 in Armour
  5880 | D:6      | 5880 ||| Stepping ~*~*~tactically~*~*~ (hiding).
  5882 | D:6      | 5882 ||| Stepping ~*~*~tactically~*~*~ (hiding).
  6036 | D:6      | Found a runed translucent door.
  6038 | D:6      | Found a basalt altar of Yredelemnul.
  6164 | D:6      | Found a staircase to the Ecumenical Temple.
  6165 | D:6      | 6165 ||| PLANNING TEMPLE
  6165 | D:6      | 6165 ||| UPGRADING to +0 pair of gloves.
  6170 | D:6      | 6170 ||| DROPPING scarf of shadows.
  6171 | D:6      | 6171 ||| DRINKING 2 fizzy purple potions.
  6172 | D:6      | 6172 ||| DROPPING potion of attraction.
  6181 | Temple   | Entered the Ecumenical Temple
  6249 | Temple   | 6249 ||| PLANNING D:1-11
  6384 | D:6      | 6384 ||| DRINKING 2 lumpy ruby potions.
  6384 | D:6      | Gained mutation: You have hidden genetic defects. [potion
                  | of mutation]
  6407 | D:7      | Found the +7 Kryia's mail coat {PotionHeal*2 rC+}
  6426 | D:7      | 6426 ||| Stepping ~*~*~tactically~*~*~ (stealth).
  6435 | D:7      | 6435 ||| Stepping ~*~*~tactically~*~*~ (stealth).
  6444 | D:7      | 6444 ||| Stepping ~*~*~tactically~*~*~ (stealth).
  6558 | D:7      | 6558 ||| Stepping ~*~*~tactically~*~*~ (stealth).
  6559 | D:7      | 6559 ||| Stepping ~*~*~tactically~*~*~ (stealth).
  6624 | D:7      | Gained mutation: Armour fits poorly on your strangely
                  | shaped body. [hidden defects]
  6632 | D:7      | 6632 ||| Stepping ~*~*~tactically~*~*~ (stealth).
  6633 | D:7      | 6633 ||| DRINKING potion of mutation.
  6633 | D:7      | Lost mutation: You have hidden genetic defects. [potion of
                  | mutation]
  6633 | D:7      | Lost mutation: Armour fits poorly on your strangely shaped
                  | body. [potion of mutation]
  6633 | D:7      | Gained mutation: You have a pair of small antennae on your
                  | head. [potion of mutation]
  6633 | D:7      | Gained mutation: You occasionally lose the ability to read
                  | scrolls when taking damage. [potion of mutation]
  6633 | D:7      | Gained mutation: Your mind is acute. (Int +4, Str/Dex -1)
                  | [potion of mutation]
  6633 | D:7      | Gained mutation: You have supernaturally acute eyesight.
                  | (SInv) [potion of mutation]
  6635 | D:7      | 6635 ||| Stepping ~*~*~tactically~*~*~ (stealth).
  6636 | D:7      | 6636 ||| Stepping ~*~*~tactically~*~*~ (stealth).
  6637 | D:7      | 6637 ||| Stepping ~*~*~tactically~*~*~ (stealth).
  6712 | D:7      | Reached XP level 10. HP: 54/57 MP: 14/14
  6766 | D:7      | Found an iron altar of Okawaru.
  6770 | D:7      | Became a worshipper of Warmaster Okawaru
  6853 | D:7      | 6853 ||| Stepping ~*~*~tactically~*~*~ (hiding).
  6860 | D:7      | 6860 ||| Stepping ~*~*~tactically~*~*~ (hiding).
  6939 | D:7      | 6939 ||| UPGRADING to +7 Kryia's mail coat {PotionHeal*2
                  | rC+}.
  6949 | D:7      | 6949 ||| DROPPING +0 chain mail.
  6950 | D:7      | 6950 ||| DRINKING 2 fizzy green potions.
  6951 | D:7      | 6951 ||| READING 3 scrolls of identify.
  6951 | D:7      | 6951 ||| IDENTIFYING fuming silvery potion
  6952 | D:7      | 6952 ||| READING 2 scrolls of identify.
  6952 | D:7      | 6952 ||| IDENTIFYING ruby potion
  6953 | D:7      | 6953 ||| DROPPING potion of flight.
  6954 | D:7      | 6954 ||| DROPPING potion of degeneration.
  6971 | D:8      | 6971 ||| STAIRDANCE
  6976 | D:8      | 6976 ||| STAIRDANCE
  6981 | D:7      | Reached skill level 3 in Dodging
  6994 | D:8      | 6994 ||| STAIRDANCE
  7052 | D:8      | 7052 ||| DRINKING 2 potions of mutation.
  7052 | D:8      | Lost mutation: You occasionally lose the ability to read
                  | scrolls when taking damage. [potion of mutation]
  7052 | D:8      | Lost mutation: You have a pair of small antennae on your
                  | head. [potion of mutation]
  7052 | D:8      | Lost mutation: Your mind is acute. (Int +4, Str/Dex -1)
                  | [potion of mutation]
  7052 | D:8      | Lost mutation: You have supernaturally acute eyesight.
                  | (SInv) [potion of mutation]
  7111 | D:8      | 7111 ||| Stepping ~*~*~tactically~*~*~ (stealth).
  7113 | D:8      | 7113 ||| Stepping ~*~*~tactically~*~*~ (stealth).
  7120 | D:8      | 7120 ||| Stepping ~*~*~tactically~*~*~ (stealth).
  7224 | D:8      | 7224 ||| Stepping ~*~*~tactically~*~*~ (stealth).
  7230 | D:8      | 7230 ||| Stepping ~*~*~tactically~*~*~ (stealth).
  7233 | D:8      | Reached * piety under Okawaru
  7234 | D:8      | 7234 ||| INVOKING Heroism.
  7235 | D:8      | 7235 ||| INVOKING Heroism.
  7245 | D:8      | Reached skill level 1 in Invocations
  7261 | D:8      | Found a staircase to the Lair.
  7262 | D:8      | 7262 ||| INVOKING Heroism.
  7821 | D:8      | 7821 ||| PLANNING LAIR
  7821 | D:8      | 7821 ||| READING scroll labelled QEHOOTA TIDOY.
  7856 | Lair:1   | Entered Level 1 of the Lair of Beasts
  7873 | Lair:1   | Noticed a catoblepas
  7874 | Lair:1   | 7874 ||| Stepping ~*~*~tactically~*~*~ (hiding).
  7876 | Lair:1   | 7876 ||| INVOKING Heroism.
  7878 | Lair:1   | 7878 ||| Stepping ~*~*~tactically~*~*~ (cloud).
  7882 | Lair:1   | 7882 ||| Stepping ~*~*~tactically~*~*~ (cloud).
  7885 | Lair:1   | 7885 ||| Stepping ~*~*~tactically~*~*~ (cloud).
  7886 | Lair:1   | 7886 ||| Stepping ~*~*~tactically~*~*~ (cloud).
  7889 | Lair:1   | Killed a catoblepas
  7960 | Lair:1   | 7960 ||| INVOKING Heroism.
  7961 | Lair:1   | 7961 ||| Stepping ~*~*~tactically~*~*~ (stealth).
  7965 | Lair:1   | Reached ** piety under Okawaru
  7966 | Lair:1   | Reached skill level 3 in Invocations
  7971 | Lair:1   | 7971 ||| INVOKING Heroism.
  8021 | Lair:1   | 8021 ||| INVOKING Heroism.
  8031 | Lair:1   | Reached XP level 11. HP: 52/63 MP: 13/15
  8074 | Lair:1   | 8074 ||| INVOKING Heroism.
  8081 | Lair:1   | 8081 ||| Stepping ~*~*~tactically~*~*~ (stealth).
  8140 | Lair:1   | 8140 ||| INVOKING Heroism.
  8143 | Lair:1   | Noticed a five-headed hydra
  8146 | Lair:1   | Reached *** piety under Okawaru
  8147 | Lair:1   | Noticed Amaemon
  8148 | Lair:1   | 8148 ||| SWAPPING to +0 morningstar.
  8152 | Lair:1   | 8152 ||| INVOKING Heroism.
  8159 | Lair:1   | HP: 14/63 [poisoned by Amaemon]
  8159 | Lair:1   | HP: 2/63 [Amaemon/-2 demon whip of venom (5)]
  8159 | Lair:1   | Mangled by a five-headed hydra

Levels and vault maps discovered:
D:1:      psy_arrival_dodecagon, layout_rooms,
          hellmonk_ecumenical_altar_heavens_door, minmay_misc_feat_columns,
          minmay_misc_feat_cross, minmay_door_square
D:2:      layout_loops_cross, uniq_sigmund
D:3:      layout_loops_cross, grunt_decor_cap, uniq_ijyb
D:4:      lemuel_castle_with_subvaults [lemuel_castle_interior_original],
          layout_loops_corners, uniq_natasha, uniq_pikel, uniq_blork_the_orc
D:5:      layout_loops_ring, lemuel_crystal_altar,
          gammafunk_temple_overflow_wave, dk_noncrumbling_4
D:6:      layout_rooms, dk_yredelemnul_ordeal, minmay_temple_entry_antechambers,
          minmay_misc_feat_tiny, uniq_duvessa
D:7:      layout_loops_ring, kennysheep_mini
D:8:      layout_basic, grunt_lair_entry_orc_guard_hut, serial_curves,
          eino_curves_03, eino_curves_02, eino_curves_02, eino_curves_04
Temple:   nicolae_temple_great_sept
Lair:1:   layout_cave_pods, st_stairs_10, serial_bayou_shore_a,
          grunt_megastairs_2, serial_bayou_shore_b, uniq_amaemon

Skill      XL: |  1  2  3  4  5  6  7  8  9 10 11 |
---------------+----------------------------------+-----
Axes           | 3 4 6 7 10 11 | 11.2
Shields        | 3 6 8 9 10 11 | 11.0
Armour         | 2 3 |  3.3
Fighting       | 3 4 5 |  5.0
Dodging        | 4 |  4.4
Invocations    | 4 |  4.1
Throwing       | |  1.0
Spellcasting   | |  2.0
Translocations | |  2.4

Action                   |  1- 3 |  4- 6 |  7- 9 | 10-12 || total
-------------------------+-------+-------+-------+-------++-------
Melee: Hand axe          |    69 |   100 |       |       ||   169
       Kick              |    17 |    29 |    65 |    43 ||   154
       Peck              |     8 |    20 |    41 |    29 ||    98
       Punch             |     1 |       |       |       ||     1
       War axe           |       |    24 |   229 |   113 ||   366
       Morningstar       |       |       |       |    10 ||    10
Throw: Boomerang         |     7 |       |    55 |    20 ||    82
Invok: Heroism           |       |       |       |     9 ||     9
  Use: Scroll            |     5 |     2 |     3 |     3 ||    13
       Potion            |     3 |     1 |     5 |     2 ||    11
 Stab: Distracted        |       |       |     2 |     1 ||     3
Armor: Leather armour    |     9 |       |       |       ||     9
       Ring mail         |    12 |    29 |     1 |       ||    42
       Chain mail        |       |       |    55 |       ||    55
       Scale mail        |       |       |       |    43 ||    43
Dodge: Dodged            |    28 |    40 |    24 |    33 ||   125
Block: Tower shield      |       |    33 |   124 |    89 ||   246

Table legend:
 A = Non-vault XP
 B = Vault XP
 C = Vault XP percentage of total XP
 D = Non-vault monster count
 E = Vault monster count
 F = Vault count percentage of total count
                 A         B        C        D         E       F
            +---------+---------+-------+---------+---------+-------
      Total |    8236 |    2717 |  24.8 |     194 |      66 |  25.4
            +---------+---------+-------+---------+---------+-------
        D:1 |      55 |       0 |   0.0 |      30 |       0 |   0.0
        D:2 |     109 |     214 |  66.3 |      29 |       1 |   3.3
        D:3 |     235 |      47 |  16.7 |      22 |       5 |  18.5
        D:4 |     557 |    1434 |  72.0 |      31 |      53 |  63.1
        D:5 |     520 |       0 |   0.0 |      11 |       0 |   0.0
        D:6 |     579 |     219 |  27.4 |       8 |       2 |  20.0
        D:7 |    1114 |       0 |   0.0 |      18 |       0 |   0.0
        D:8 |    1304 |     394 |  23.2 |      30 |       4 |  11.8
     Lair:1 |    3763 |     409 |   9.8 |      15 |       1 |   6.2
            +---------+---------+-------+---------+---------+-------
